[Event "CZE-ch Youth B14 2022"]
[Site "Luhacovice"]
[Date "2022.03.12"]
[Round "1.2"]
[White "Prazak, Daniel"]
[Black "Veverka, Vladimir"]
[Result "1-0"]
[ECO "E92"]
[WhiteElo "2016"]
[BlackElo "1723"]
[Annotator "ChessBase"]
[PlyCount "61"]
[EventDate "2022.03.12"]
[EventType "swiss"]
[EventCountry "CZE"]
[SourceTitle "playchess.com"]
[Source "ChessBase"]
[SourceQuality "1"]
[TimeControl "40/5400+30:1800+30"]

1. Nf3 Nf6 2. d4 g6 3. c4 Bg7 4. Nc3 O-O 5. e4 d6 6. Be2 e5 7. dxe5 dxe5 8. Qxd8 Rxd8 9. Bg5 Re8 10. Nd5 Nxd5 11. cxd5 c6 12. Bc4 Bd7 13. O-O cxd5 14. Bxd5 Bc6 15. Rfd1 Bxd5 16. Rxd5 Nc6 17. Rd7 f6 18. Be3 Re7 19. Rad1 Rxd7 20. Rxd7 b6 21. Kf1 Rd8 22. Rc7 Rd6 23. a3 f5 24. Rc8+ Kf7 25. Ng5+ Ke7 26. Nxh7 Kf7 27. Ng5+ Kf6 28. Rc7 Ne7 29. Nh7+ Kf7 30. Bg5 Re6 31. Rxa7 1-0

[Event "CZE-ch Youth B14 2022"]
[Site "Luhacovice"]
[Date "2022.03.12"]
[Round "1.4"]
[White "Hozda, Max"]
[Black "Kubin, Tomas Daniel"]
[Result "0-1"]
[ECO "A58"]
[WhiteElo "1901"]
[BlackElo "1666"]
[Annotator "ChessBase"]
[PlyCount "92"]
[EventDate "2022.03.12"]
[EventType "swiss"]
[EventCountry "CZE"]
[SourceTitle "playchess.com"]
[Source "ChessBase"]
[SourceQuality "1"]
[TimeControl "40/5400+30:1800+30"]

1. d4 Nf6 2. c4 c5 3. d5 b5 4. cxb5 a6 5. bxa6 g6 6. Nc3 Bg7 7. e4 O-O 8. Nf3 Qa5 9. Bd2 Bxa6 10. Bxa6 Qxa6 11. Qe2 d6 12. Qxa6 Nxa6 13. Ke2 Rfb8 14. Rab1 Nc7 15. Kd3 Nd7 16. a3 Rb7 17. Bg5 Kf8 18. Nd2 Nb5 19. Nxb5 Rxb5 20. Kc2 Ra4 21. Be3 Ne5 22. f3 Nc4 23. Nxc4 Rxc4+ 24. Kd3 Ra4 25. Bc1 Rxa3+ 26. bxa3 Rxb1 27. Rd1 Ke8 28. Kc2 Ra1 29. Rd3 c4 30. Rd2 c3 31. Rd3 Ra2+ 32. Kb3 Rxg2 33. e5 Bxe5 34. f4 Bf6 35. Re3 Rxh2 36. Re4 Rh1 37. Kc2 Rh2+ 38. Kb3 Rh1 39. Kc2 h5 40. a4 h4 41. a5 h3 42. a6 h2 43. a7 Rxc1+ 44. Kb3 Ra1 45. Ra4 Rxa4 46. Kxa4 Kf8 0-1

[Event "CZE-ch Youth B14 2022"]
[Site "Luhacovice"]
[Date "2022.03.12"]
[Round "1.7"]
[White "Sigut, Ondrej"]
[Black "Setina, Vaclav"]
[Result "1/2-1/2"]
[ECO "B31"]
[WhiteElo "1536"]
[BlackElo "1881"]
[Annotator "NA RC"]
[PlyCount "86"]
[EventDate "2022.03.12"]
[EventType "swiss"]
[EventCountry "CZE"]
[SourceTitle "playchess.com"]
[Source "ChessBase"]
[SourceQuality "1"]
[TimeControl "40/5400+30:1800+30"]

1. e4 c5 2. Nf3 Nc6 3. Bb5 g6 4. O-O Bg7 5. Re1 Nf6 6. e5 Nd5 7. Nc3 Nc7 8. Bxc6 dxc6 9. h3 O-O 10. d3 b6 11. a4 a5 12. b3 Ne6 13. Bb2 Qc7 14. Ne4 Rd8 15. Ng3 Ba6 16. Qe2 b5 17. Qe3 c4 18. bxc4 bxc4 19. d4 c5 20. dxc5 Nxc5 21. Ne4 Nxe4 22. Qxe4 c3 23. Ba3 Bb7 24. Qe3 Bxf3 25. gxf3 Rd5 26. e6 {[%emt 0:07:46] [#]} f5 $1 27. Rab1 $2 (27. Rad1 Rad8 28. Rxd5 Rxd5 29. Kg2) 27... Rd2 28. Bc5 Rc8 29. Bb6 Qd6 30. Rec1 Be5 31. Rb5 Bf4 32. Qe1 Qc6 33. Rc5 Qa8 34. Rxc8+ Qxc8 35. Be3 Bxe3 36. Qxe3 Rd6 37. Re1 Qc4 38. Qa7 Rxe6 39. Rxe6 Qxe6 40. Qxa5 Qe1+ 41. Kg2 Qd2 42. Qa8+ Kf7 43. a5 Qg5+ $11 1/2-1/2

[Event "CZE-ch Youth B14 2022"]
[Site "Luhacovice"]
[Date "2022.03.12"]
[Round "1.8"]
[White "Fizer, Marek"]
[Black "Davidek, Zdenek"]
[Result "1-0"]
[ECO "B19"]
[WhiteElo "1876"]
[BlackElo "1570"]
[Annotator "NA"]
[PlyCount "91"]
[EventDate "2022.03.12"]
[EventType "swiss"]
[EventCountry "CZE"]
[SourceTitle "playchess.com"]
[Source "ChessBase"]
[SourceQuality "1"]
[TimeControl "40/5400+30:1800+30"]

1. e4 c6 2. d4 d5 3. Nd2 dxe4 4. Nxe4 Bf5 5. Ng3 Bg6 6. h4 h6 7. Nf3 Nd7 8. h5 Bh7 9. Bd3 Bxd3 10. Qxd3 e6 11. Bd2 Ngf6 12. O-O-O Be7 13. Ne4 Nxe4 14. Qxe4 Nf6 15. Qe2 Qd5 16. c4 Qe4 17. Rde1 Qxe2 18. Rxe2 O-O 19. Ne5 Rfd8 20. Bc3 Nd7 21. f4 Nxe5 22. dxe5 Rd7 23. Rd1 $11 Rxd1+ 24. Kxd1 Rd8+ 25. Kc2 g6 26. g4 Kg7 27. f5 gxf5 28. gxf5 Bg5 29. f6+ Kf8 30. a4 Ke8 31. b4 Kf8 32. Re4 Kg8 33. Bd4 a6 34. Rg4 Kh7 35. Kc3 b5 36. axb5 axb5 37. Bb6 Rb8 38. c5 Rb7 39. Rd4 Be3 40. Rd6 Bf4 41. Kd4 Bd2 42. Rxc6 Bxb4 43. Rc7 Rxc7 44. Bxc7 Be1 45. c6 Kg8 46. Bd6 1-0

[Event "CZE-ch Youth B14 2022"]
[Site "Luhacovice"]
[Date "2022.03.12"]
[Round "1.9"]
[White "Mrazek, Adam"]
[Black "Soucek, Jan"]
[Result "0-1"]
[ECO "D17"]
[WhiteElo "1582"]
[BlackElo "1849"]
[Annotator "NA RC"]
[PlyCount "114"]
[EventDate "2022.03.12"]
[EventType "swiss"]
[EventCountry "CZE"]
[SourceTitle "playchess.com"]
[Source "ChessBase"]
[SourceQuality "1"]
[TimeControl "40/5400+30:1800+30"]

1. d4 d5 2. c4 c6 3. Nc3 Nf6 4. Nf3 dxc4 5. a4 Bf5 6. Bg5 Nd5 7. e4 Nxc3 8. bxc3 Bxe4 9. Bxc4 Bd5 10. Bd3 g6 11. O-O Bg7 12. Re1 f6 13. Bf4 O-O 14. Qe2 Re8 15. Rab1 b6 16. Bc4 e6 17. Bg3 Nd7 18. Bxd5 cxd5 19. c4 Nf8 20. cxd5 Qxd5 21. Qb5 Kf7 22. Rbc1 Rec8 23. Qa6 Qd7 24. Qb5 Bh6 25. Rxc8 Rxc8 26. Qxd7+ (26. h4 $17) 26... Nxd7 27. h3 Rc4 28. Ra1 Bc1 29. Ra2 a6 30. Kf1 b5 31. axb5 axb5 32. Bd6 (32. Ra7 $15 Ke7 33. Ke2) 32... Nb6 33. Ra7+ Ke8 34. Re7+ Kd8 35. Rxe6 Kd7 36. Rxf6 Kc8 37. Bc5 Nd7 38. Rf7 Nxc5 39. dxc5 b4 40. Ne5 ({Not} 40. Rxh7 $2 b3 41. Rh8+ Kb7 42. Rh7+ Ka6 $19) 40... Rxc5 41. Nd3 Rc4 42. Rxh7 b3 43. Rg7 Rc2 44. Rxg6 Kc7 45. Rg4 Kc6 46. Nb4+ Kb5 $1 47. Nxc2 $4 (47. Nd3 $11 Ba3 48. h4) 47... bxc2 48. Rg8 Ba3 49. Rb8+ $19 Kc4 50. Ke2 c1=Q 51. Kf3 Qc3+ 52. Kg4 Qd4+ 53. f4 Bd6 54. Rc8+ Kd3 55. g3 Qg7+ 56. Kh4 Be7+ 57. Kh5 Qf7+ 0-1

[Event "CZE-ch Youth B14 2022"]
[Site "Luhacovice"]
[Date "2022.03.12"]
[Round "1.10"]
[White "Juracak, David"]
[Black "Siles, Jan"]
[Result "0-1"]
[ECO "D40"]
[WhiteElo "1717"]
[BlackElo "1548"]
[Annotator "NA"]
[PlyCount "68"]
[EventDate "2022.03.12"]
[EventType "swiss"]
[EventCountry "CZE"]
[SourceTitle "playchess.com"]
[Source "ChessBase"]
[SourceQuality "1"]
[TimeControl "40/5400+30:1800+30"]

1. d4 d5 2. c4 e6 3. Nf3 Nf6 4. e3 c5 5. Nc3 Nc6 6. Bd3 Bd6 7. O-O O-O 8. Re1 Re8 9. b3 b6 10. Bb2 Bb7 11. Rc1 Rc8 12. Bb1 cxd4 13. Nxd4 dxc4 14. Nxc6 Bxc6 15. bxc4 Qe7 16. Nb5 Bb4 17. Re2 Red8 18. Qa4 a5 19. a3 Bc5 20. Qb3 Ne4 21. Nd4 Bb7 22. Bd3 Rd7 23. Qc2 f5 24. Qb3 Rcd8 25. Rd1 Qe8 26. Bxe4 Bxe4 27. Red2 Qg6 28. f3 Bb7 29. Qc2 e5 30. Nxf5 Rxd2 31. Rxd2 Rxd2 32. Qxd2 Qxf5 33. Qd8+ Qf8 34. Qd3 Qd6 0-1

[Event "CZE-ch Youth B14 2022"]
[Site "Luhacovice"]
[Date "2022.03.12"]
[Round "1.11"]
[White "Vysinsky, Otakar"]
[Black "Jasso, Matej"]
[Result "1/2-1/2"]
[ECO "D00"]
[WhiteElo "1534"]
[BlackElo "1726"]
[Annotator "NA RC"]
[PlyCount "95"]
[EventDate "2022.03.12"]
[EventType "swiss"]
[EventCountry "CZE"]
[SourceTitle "playchess.com"]
[Source "ChessBase"]
[SourceQuality "1"]
[TimeControl "40/5400+30:1800+30"]

1. d4 d5 2. Bf4 Nf6 3. e3 c5 4. c3 Nc6 5. Bd3 Bg4 6. f3 Bh5 7. Nd2 e6 8. Ne2 Be7 9. O-O O-O 10. Kh1 Rc8 11. Rc1 Bg6 12. Bxg6 hxg6 13. Bg3 Qb6 14. a4 Na5 15. Rb1 Nc4 16. Nxc4 dxc4 17. e4 Rfd8 18. Qc2 Qc6 19. Rbd1 Rd7 20. Rd2 Rcd8 21. Rfd1 Nh5 22. e5 Nxg3+ 23. hxg3 a6 24. f4 Qc7 25. Qe4 Qa5 26. Qc2 Rd5 27. Kg1 cxd4 28. Nxd4 Bc5 29. Kf1 Bxd4 30. Rxd4 Rxd4 31. Rxd4 Rxd4 32. cxd4 Qd5 33. Qc3 b5 34. axb5 axb5 35. Qd2 Qe4 36. Qc3 b4 37. Qxb4 Qxd4 38. Qc3 Qd5 39. Kf2 Kh7 40. Kf1 Kh6 41. Kf2 g5 42. Qe3 gxf4 43. gxf4 Kh7 44. Qh3+ Kg8 45. Qc3 g6 46. g3 Kg7 47. Qe3 Qb5 48. Qd2 1/2-1/2

[Event "CZE-ch Youth B14 2022"]
[Site "Luhacovice"]
[Date "2022.03.13"]
[Round "2.1"]
[White "Soucek, Jan"]
[Black "Prazak, Daniel"]
[Result "0-1"]
[ECO "A45"]
[WhiteElo "1849"]
[BlackElo "2016"]
[Annotator "NA"]
[PlyCount "72"]
[EventDate "2022.03.12"]
[EventType "swiss"]
[EventCountry "CZE"]
[SourceTitle "playchess.com"]
[Source "ChessBase"]
[SourceQuality "1"]
[TimeControl "40/5400+30:1800+30"]

1. d4 Nf6 2. Bg5 e6 3. e4 d5 4. Bxf6 Qxf6 5. e5 Qd8 6. c3 c5 7. Nf3 Nc6 8. a3 c4 $11 9. Nbd2 Bd7 10. b4 cxb3 11. Qxb3 Na5 12. Qb2 Rc8 13. Rc1 Qb6 14. Qxb6 axb6 15. Nb1 b5 16. Rc2 Nc4 17. Bxc4 bxc4 18. Rb2 b5 19. Ke2 Ra8 20. Ne1 Be7 21. Nc2 O-O 22. Nb4 Ra4 23. f4 f6 24. Rf1 Be8 25. g3 Bg6 26. exf6 Bxb4 27. fxg7 Bd3+ 28. Kf2 Rc8 29. cxb4 c3 30. Rc1 cxb2 31. Rxc8+ Kxg7 32. Rc3 Bxb1 33. Rb3 Rxa3 34. Rxb2 Be4 35. Ke2 Rd3 36. Rd2 Rb3 0-1

[Event "CZE-ch Youth B14 2022"]
[Site "Luhacovice"]
[Date "2022.03.13"]
[Round "2.2"]
[White "Hladky, Tadeas"]
[Black "Tesar, Jakub"]
[Result "1-0"]
[ECO "C07"]
[WhiteElo "2029"]
[BlackElo "1660"]
[Annotator "NA"]
[PlyCount "89"]
[EventDate "2022.03.12"]
[EventType "swiss"]
[EventCountry "CZE"]
[SourceTitle "playchess.com"]
[Source "ChessBase"]
[SourceQuality "1"]
[TimeControl "40/5400+30:1800+30"]

1. e4 e6 2. d4 d5 3. Nd2 c5 4. exd5 Qxd5 5. Ngf3 cxd4 6. Bc4 Qc5 7. Qe2 Nc6 8. Nb3 Qb6 9. O-O $1 Be7 10. Rd1 Bf6 11. a4 Nge7 12. a5 Qc7 13. Nfxd4 Nxd4 14. Nxd4 a6 $1 15. Be3 O-O $14 16. c3 Bd7 17. Nf3 Bc6 18. Bb6 Qf4 19. Nd4 Bd5 20. Bxd5 exd5 21. g3 Qe4 22. Qxe4 dxe4 23. Re1 Nd5 24. Rxe4 Nxb6 25. axb6 Rad8 26. Ra4 Rd6 27. Rb4 g6 28. Nb3 Rc8 29. Na5 Rd7 30. Rbc4 Rxc4 31. Rxc4 Rd6 32. Rc8+ Kg7 33. Nc4 Rd7 34. Rc7 Re7 35. Nd6 Re6 36. Rxf7+ Kg8 37. Rd7 Be7 38. Nc8 Bc5 39. Rxb7 Re1+ 40. Kg2 Re2 41. Rc7 Bxf2 42. Kf3 Rxb2 43. b7 Bg1 44. Ne7+ Kf8 45. Nc6 1-0

[Event "CZE-ch Youth B14 2022"]
[Site "Luhacovice"]
[Date "2022.03.13"]
[Round "2.3"]
[White "Kubin, Tomas Daniel"]
[Black "Buchta, Bartolomej"]
[Result "1/2-1/2"]
[ECO "B85"]
[WhiteElo "1666"]
[BlackElo "1901"]
[Annotator "NA"]
[PlyCount "118"]
[EventDate "2022.03.12"]
[EventType "swiss"]
[EventCountry "CZE"]
[SourceTitle "playchess.com"]
[Source "ChessBase"]
[SourceQuality "1"]
[TimeControl "40/5400+30:1800+30"]

1. e4 c5 2. Nf3 d6 3. d4 cxd4 4. Nxd4 Nf6 5. Nc3 a6 6. Be2 e6 7. O-O Qc7 8. a4 b6 9. f4 Bb7 10. Bf3 Be7 11. Qe1 O-O 12. Qg3 Kh8 13. Nb3 $11 Nbd7 14. Be3 e5 15. fxe5 Nxe5 16. Bd4 Nfd7 17. Rf2 Bf6 18. Nd5 Bxd5 19. exd5 Nxf3+ 20. Qxf3 Ne5 21. Qg3 b5 22. axb5 axb5 23. Rd1 Ra4 24. Rxf6 gxf6 25. Qf2 Qe7 26. Rf1 Rg8 27. Qxf6+ Qxf6 28. Rxf6 Rg7 29. Kf1 Rg4 30. c3 Ra2 31. Rxd6 Rf4+ 32. Ke1 f6 33. Rxf6 Rxf6 34. Bxe5 Kg7 35. Nd4 Rxb2 36. d6 Kg6 37. d7 Rf8 38. Ne6 Ra8 39. d8=Q Rxd8 40. Nxd8 Rxg2 41. Nc6 Kf5 42. Bg3 Ke4 43. Nd4 Rb2 44. Kd1 b4 45. Ne2 b3 46. Nd4 Kd3 47. Kc1 Rg2 48. Nxb3 Kxc3 49. Kd1 Kxb3 50. Ke1 Kc3 51. Kf1 Ra2 52. Bf2 Kd3 53. Kg2 Ke4 54. Kg3 h5 55. Bc5 h4+ 56. Kh3 Kf4 57. Bd6+ Kg5 58. Be7+ Kf4 59. Bd6+ Kf5 1/2-1/2

[Event "CZE-ch Youth B14 2022"]
[Site "Luhacovice"]
[Date "2022.03.13"]
[Round "2.4"]
[White "Zrubek, Dan"]
[Black "Fizer, Marek"]
[Result "0-1"]
[ECO "B56"]
[WhiteElo "1478"]
[BlackElo "1876"]
[Annotator "NA"]
[PlyCount "68"]
[EventDate "2022.03.12"]
[EventType "swiss"]
[EventCountry "CZE"]
[SourceTitle "playchess.com"]
[Source "ChessBase"]
[SourceQuality "1"]
[TimeControl "40/5400+30:1800+30"]

1. e4 c5 2. Nf3 d6 3. d4 cxd4 4. Nxd4 Nf6 5. Nc3 Nc6 6. Be3 e5 7. Nde2 Be7 8. g3 Ng4 9. Nd5 Nxe3 10. Nxe3 O-O 11. Bg2 (11. h4 $14) 11... Be6 12. Nc3 $11 Qb6 13. Rb1 Bg5 14. Ned5 Bxd5 15. Nxd5 Qa5+ 16. Nc3 Nd4 17. O-O Rac8 18. f4 Bd8 19. Rc1 Qb6 20. Na4 Qb5 21. b3 Ne2+ 22. Kh1 Nxc1 23. Qxc1 Qe2 24. c4 Qxa2 25. Qd1 Ba5 26. Rf3 b5 27. cxb5 Rc2 28. Qg1 Rfc8 29. Bh3 Rc1 30. Bf1 R8c2 31. fxe5 dxe5 32. h3 h6 33. g4 Bd2 34. Qxa7 Bf4 0-1

[Event "CZE-ch Youth B14 2022"]
[Site "Luhacovice"]
[Date "2022.03.13"]
[Round "2.5"]
[White "Siles, Jan"]
[Black "Babula, Matej"]
[Result "0-1"]
[ECO "B43"]
[WhiteElo "1548"]
[BlackElo "1753"]
[Annotator "NA"]
[PlyCount "78"]
[EventDate "2022.03.12"]
[EventType "swiss"]
[EventCountry "CZE"]
[SourceTitle "playchess.com"]
[Source "ChessBase"]
[SourceQuality "1"]
[TimeControl "40/5400+30:1800+30"]

1. e4 c5 2. Nf3 e6 3. d4 cxd4 4. Nxd4 a6 5. Nc3 Qc7 6. Be2 b5 7. a3 Bb7 8. O-O Nc6 9. Be3 Nf6 10. f4 Bc5 11. e5 Nxd4 12. Bxd4 Ne4 13. Nxe4 Bxe4 14. c3 d6 15. Kh1 Qc6 16. Bf3 Bxf3 17. Rxf3 Bxd4 18. Qxd4 dxe5 19. Qxe5 O-O 20. Rd1 Rad8 21. Rxd8 Rxd8 22. Rd3 Qb6 23. Qe3 Rxd3 24. Qxb6 Rd1+ 25. Qg1 Rxg1+ 26. Kxg1 Kf8 27. Kf2 Ke7 28. Ke3 Kd6 29. Kd4 f6 30. b4 e5+ 31. fxe5+ fxe5+ 32. Ke4 Ke6 33. g4 g5 34. Kd3 Kd5 35. Kc2 Ke4 36. Kd2 Kf3 37. c4 bxc4 38. a4 e4 39. b5 e3+ 0-1

[Event "CZE-ch Youth B14 2022"]
[Site "Luhacovice"]
[Date "2022.03.13"]
[Round "2.6"]
[White "Brozka, Karel"]
[Black "Sigut, Ondrej"]
[Result "1-0"]
[ECO "D91"]
[WhiteElo "2125"]
[BlackElo "1536"]
[Annotator "NA"]
[PlyCount "59"]
[EventDate "2022.03.12"]
[EventType "swiss"]
[EventCountry "CZE"]
[SourceTitle "playchess.com"]
[Source "ChessBase"]
[SourceQuality "1"]
[TimeControl "40/5400+30:1800+30"]

1. d4 Nf6 2. c4 g6 3. Nc3 d5 4. Nf3 Bg7 5. Bg5 dxc4 6. e4 c5 7. d5 h6 (7... b5 $5) 8. Bxf6 Bxf6 9. e5 Bg7 10. Qa4+ Bd7 11. Qxc4 $11 Qc8 12. Bd3 O-O 13. O-O Bg4 14. Rfe1 Bxf3 15. gxf3 Kh7 16. Re3 Nd7 17. f4 Nb6 18. Qe4 Rd8 19. Rg3 Qd7 20. e6 f5 21. Qg2 Qe8 22. Bxf5 gxf5 23. Rxg7+ Kh8 24. Kh1 Nxd5 25. Nxd5 Rxd5 26. Qxd5 Kxg7 27. Rg1+ Kh7 28. Qxf5+ Kh8 29. Qe5+ Kh7 30. Qg7# 1-0

[Event "CZE-ch Youth B14 2022"]
[Site "Luhacovice"]
[Date "2022.03.13"]
[Round "2.7"]
[White "Setina, Vaclav"]
[Black "Vysinsky, Otakar"]
[Result "1-0"]
[ECO "C42"]
[WhiteElo "1881"]
[BlackElo "1534"]
[Annotator "NA"]
[PlyCount "177"]
[EventDate "2022.03.12"]
[EventType "swiss"]
[EventCountry "CZE"]
[SourceTitle "playchess.com"]
[Source "ChessBase"]
[SourceQuality "1"]
[TimeControl "40/5400+30:1800+30"]

1. e4 e5 2. Nf3 Nf6 3. Nxe5 d6 4. Nf3 Nxe4 5. Bd3 Nc5 (5... Nf6 $11 {deserves consideration.}) 6. Be2 $1 d5 7. O-O (7. d4 $5 Ne4 8. O-O $14) 7... Bd6 8. d4 Ne4 9. c4 c6 10. Nc3 O-O 11. cxd5 Nxc3 12. bxc3 cxd5 13. Bd3 Bg4 {[%emt 0:06:51] 13...Nd7 is the recent fashion.} 14. Rb1 b6 15. Bc2 Bh5 {[%emt 0:07:22] [#]} 16. c4 $146 ({Predecessor:} 16. Re1 Nc6 17. Bf5 Qf6 18. Qd3 Bg6 19. Bxg6 Qxg6 20. Qxg6 hxg6 21. Rb5 Ne7 22. a4 Rfc8 23. Bd2 f6 24. g3 {0-1 (75) Hunt,H (2330)-Stefanova,A (2410) London 1997}) 16... Qc7 17. Bxh7+ Kxh7 18. Ng5+ Kg6 19. Qd3+ f5 20. Ne6 Qc8 21. Nxf8+ Qxf8 22. c5 Bc7 23. Qe3 Qf7 24. Re1 Kh7 25. Ba3 Nc6 26. Qc3 Rc8 27. Rbc1 b5 28. Qd3 a6 29. Bb2 Rb8 30. Bc3 Bg6 31. a4 f4 32. Qh3+ Kg8 33. axb5 axb5 34. Ra1 b4 35. Bb2 Bf5 36. Qf3 Be4 37. Qg4 Bf5 38. Qe2 Bd7 39. Reb1 Na5 40. Bc1 Bb5 41. Qf3 Nc6 42. Bb2 Re8 43. Re1 Rxe1+ 44. Rxe1 Na5 45. Ra1 Qe6 46. h3 Be2 47. Re1 Bxf3 48. Rxe6 Bh5 49. Re7 Bb8 50. Rd7 Nc6 51. Rxd5 Bf7 52. Rg5 Ne7 53. d5 Bxd5 54. Bxg7 Kf7 55. h4 Be4 56. h5 b3 57. h6 (57. Bb2 $14 Ke6 58. Rg7) 57... Bh7 58. Bb2 Nf5 59. c6 Bc7 60. g4 fxg3 61. fxg3 Bd8 62. Rg4 Bb6+ 63. Kh2 Bc7 64. Kh3 Ke6 65. Rb4 Nxg3 66. Rxb3 Nf5 67. Rb7 Nxh6 68. Rxc7 Bf5+ 69. Kg3 Kd6 70. Ra7 Bc8 71. c7 Nf5+ 72. Kf4 Kc6 73. Be5 Ne7 74. Ke4 Kd7 75. Ra1 Bb7+ 76. Kd3 Nc6 77. Bg3 Nb4+ 78. Kc4 $18 Nc6 79. Kc5 Kc8 80. Rh1 Ne7 81. Rh8+ Kd7 82. Rd8+ Ke6 83. Kb6 Bc8 84. Bh4 Nd5+ 85. Kc6 Nb4+ 86. Kc5 Na6+ 87. Kb6 Nxc7 88. Kxc7 Ba6 89. Rd6+ 1-0

[Event "CZE-ch Youth B14 2022"]
[Site "Luhacovice"]
[Date "2022.03.13"]
[Round "2.8"]
[White "Jasso, Matej"]
[Black "Hozda, Max"]
[Result "1-0"]
[ECO "B12"]
[WhiteElo "1726"]
[BlackElo "1901"]
[Annotator "NA"]
[PlyCount "64"]
[EventDate "2022.03.12"]
[EventType "swiss"]
[EventCountry "CZE"]
[SourceTitle "playchess.com"]
[Source "ChessBase"]
[SourceQuality "1"]
[TimeControl "40/5400+30:1800+30"]

1. e4 c6 2. d4 d5 3. f3 e6 4. Nc3 Bb4 5. exd5 exd5 6. Be3 Bf5 7. Bd3 Bg6 8. Nge2 Nf6 9. Qd2 Nbd7 $11 10. h4 Qc7 11. g4 O-O-O 12. O-O-O Rde8 13. g5 Nh5 14. a3 Bd6 15. Rhf1 Ng3 16. Nxg3 Bxd3 17. cxd3 Bxg3 18. f4 h6 19. Rf3 Bxh4 20. Rh1 hxg5 21. fxg5 f6 22. Bf4 Qb6 23. Na4 Qxd4 24. Qa5 Ne5 25. Bxe5 Rxe5 26. gxf6 gxf6 27. Rhf1 Bg5+ 28. Kb1 Re2 29. Nc3 Rd2 30. Re1 f5 31. Ka1 f4 32. Rb1 Rdh2 1-0

[Event "CZE-ch Youth B14 2022"]
[Site "Luhacovice"]
[Date "2022.03.13"]
[Round "2.9"]
[White "Zelba, Lukas"]
[Black "Juhanak, Daniel"]
[Result "1-0"]
[ECO "D04"]
[WhiteElo "1945"]
[BlackElo "1688"]
[Annotator "NA"]
[PlyCount "120"]
[EventDate "2022.03.12"]
[EventType "swiss"]
[EventCountry "CZE"]
[SourceTitle "playchess.com"]
[Source "ChessBase"]
[SourceQuality "1"]
[TimeControl "40/5400+30:1800+30"]

1. d4 d5 2. Nf3 Nf6 3. e3 c5 4. b3 cxd4 5. Nxd4 e5 6. Nf3 Nc6 7. Bb2 Bd6 8. Nbd2 O-O 9. Bb5 Qc7 10. h3 h6 $15 (10... a6 $17 11. Bxc6 bxc6) 11. O-O Bf5 12. a3 Rfd8 13. Rc1 Qe7 14. b4 a6 15. Bxc6 bxc6 16. Nb3 Bc7 17. Re1 Nd7 18. Qe2 a5 19. bxa5 c5 20. c4 e4 21. Nfd2 Ne5 22. Bxe5 Qxe5 23. f4 Qb2 24. Rb1 Qxa3 25. Ra1 Qb4 26. Reb1 dxc4 27. Nd4 Qc3 28. Rc1 Qb2 29. Rab1 Qa2 30. Rc2 Qa4 31. Rxc4 Qa2 32. Rxc5 Bxa5 33. Rc2 Qa4 34. Nc4 Be6 35. Nxe6 fxe6 36. Ra2 Qd7 37. Rxa5 Rxa5 38. Nxa5 Qa4 39. Nc4 Qa6 40. Kf2 Rd3 41. Ne5 Ra3 42. Qxa6 Rxa6 43. Rb4 Kf8 44. Rxe4 Ke7 45. Nd3 Kf6 46. Kf3 g5 47. Nc5 Rc6 48. Rxe6+ Rxe6 49. Nxe6 Kxe6 50. fxg5 hxg5 51. Kg4 Kf6 52. e4 Ke5 53. Kxg5 Kxe4 54. h4 Ke5 55. h5 Ke6 56. Kg6 Ke7 57. Kg7 Ke6 58. h6 Ke5 59. h7 Ke4 60. h8=Q Kd5 1-0

[Event "CZE-ch Youth B14 2022"]
[Site "Luhacovice"]
[Date "2022.03.13"]
[Round "2.10"]
[White "Svoboda, Daniel"]
[Black "Juracak, David"]
[Result "1/2-1/2"]
[ECO "C42"]
[WhiteElo "1619"]
[BlackElo "1717"]
[Annotator "NA"]
[PlyCount "84"]
[EventDate "2022.03.12"]
[EventType "swiss"]
[EventCountry "CZE"]
[SourceTitle "playchess.com"]
[Source "ChessBase"]
[SourceQuality "1"]
[TimeControl "40/5400+30:1800+30"]

1. e4 e5 2. Nf3 Nf6 3. Nxe5 d6 4. Nf3 Nxe4 5. Nc3 Nxc3 6. dxc3 Be7 7. Be3 Nc6 8. Qd2 Be6 9. O-O-O Qd7 10. Kb1 a6 11. Nd4 Nxd4 12. cxd4 d5 13. h3 O-O-O 14. Qa5 Qc6 15. Bd3 Rd6 16. Bf4 Qb6 17. Qxb6 Rxb6 18. c3 Kd7 19. g4 Bd6 20. Be3 f6 21. f4 Be7 22. Bc2 Rd6 23. Rde1 Kd8 24. Re2 Bf7 25. Rhe1 Bg6 26. f5 Bf7 27. b3 Re8 28. Bc1 Rd7 29. b4 Bd6 30. a4 Rde7 31. Rxe7 Rxe7 32. Rxe7 Bxe7 33. Bf4 Kd7 34. Kc1 Bd6 35. Bxd6 Kxd6 36. Kb2 Be8 37. Ka3 Bc6 38. Bd3 Ke7 39. b5 axb5 40. axb5 Bd7 41. Kb4 Kd6 42. Bc2 h6 1/2-1/2

[Event "CZE-ch Youth B14 2022"]
[Site "Luhacovice"]
[Date "2022.03.13"]
[Round "2.11"]
[White "Veverka, Vladimir"]
[Black "Mrazek, Adam"]
[Result "1/2-1/2"]
[ECO "E92"]
[WhiteElo "1723"]
[BlackElo "1582"]
[Annotator "NA"]
[PlyCount "73"]
[EventDate "2022.03.12"]
[EventType "swiss"]
[EventCountry "CZE"]
[SourceTitle "playchess.com"]
[Source "ChessBase"]
[SourceQuality "1"]
[TimeControl "40/5400+30:1800+30"]

1. d4 Nf6 2. c4 g6 3. Nc3 Bg7 4. e4 d6 5. Nf3 O-O 6. Be2 e5 7. dxe5 dxe5 8. Qxd8 Rxd8 9. Bg5 Re8 10. Nd5 Nxd5 11. cxd5 c6 12. Bc4 cxd5 13. Bxd5 Nd7 14. Nd2 Nb6 15. Bb3 Be6 16. Bxe6 Rxe6 17. Rc1 Rc8 18. Rxc8+ Nxc8 19. Nb3 Rc6 20. Kd2 Nb6 21. Na5 Nc4+ 22. Nxc4 Rxc4 23. Rc1 Rxc1 24. Kxc1 f5 25. Be3 b6 26. f3 Kf7 27. Kc2 Ke6 28. Kc3 Kd6 29. Kc4 Kc6 30. a4 a6 31. g4 f4 32. Bf2 g5 33. h4 h6 34. hxg5 hxg5 35. b4 b5+ 36. axb5+ axb5+ 37. Kc3 1/2-1/2

[Event "CZE-ch Youth B14 2022"]
[Site "Luhacovice"]
[Date "2022.03.13"]
[Round "2.12"]
[White "Davidek, Zdenek"]
[Black "Dusanek, Michal"]
[Result "0-1"]
[ECO "B31"]
[WhiteElo "1570"]
[BlackElo "1682"]
[Annotator "NA"]
[PlyCount "78"]
[EventDate "2022.03.12"]
[EventType "swiss"]
[EventCountry "CZE"]
[SourceTitle "playchess.com"]
[Source "ChessBase"]
[SourceQuality "1"]
[TimeControl "40/5400+30:1800+30"]

1. e4 c5 2. Nf3 Nc6 3. Bb5 g6 4. Bxc6 bxc6 5. O-O Bg7 6. Re1 Nh6 7. d3 O-O 8. Nc3 d6 9. h3 e5 10. Bg5 f6 11. Bxh6 Bxh6 12. Nh2 Rf7 13. Ng4 Bf8 14. Qd2 Rb8 15. Na4 Bxg4 16. hxg4 f5 17. gxf5 gxf5 18. Re3 f4 19. Rh3 Rg7 20. Qe2 Qg5 21. g3 fxg3 22. Rxg3 Qf4 23. Kg2 Rbb7 24. Re1 Rxg3+ 25. fxg3 Rg7 26. Qf2 Be7 27. Re3 h5 28. Kf1 Qg4 29. Rf3 Qh3+ 30. Qg2 Qe6 31. b3 h4 32. Qh2 h3 33. Kf2 Qh6 34. Kg1 Qh5 35. Kf2 Bg5 36. Nc3 Bh6 37. Ne2 Rf7 38. g4 Qxg4 39. Qxh3 Qxh3 0-1

[Event "CZE-ch Youth B14 2022"]
[Site "Luhacovice"]
[Date "2022.03.14"]
[Round "3.1"]
[White "Prazak, Daniel"]
[Black "Hladky, Tadeas"]
[Result "1/2-1/2"]
[ECO "A11"]
[WhiteElo "2016"]
[BlackElo "2029"]
[Annotator "ChessBase"]
[PlyCount "71"]
[EventDate "2022.03.12"]
[EventType "swiss"]
[EventCountry "CZE"]
[SourceTitle "playchess.com"]
[Source "ChessBase"]
[SourceQuality "1"]
[TimeControl "40/5400+30:1800+30"]

1. c4 c6 2. Nf3 d5 3. g3 Nf6 4. Bg2 Bf5 5. b3 Nbd7 6. Bb2 e6 7. O-O Bd6 8. Nc3 O-O 9. d3 Qe7 10. Nh4 Bg6 11. Nxg6 hxg6 12. e3 Ba3 13. Bxa3 Qxa3 14. Qe2 Rfd8 15. d4 Rac8 16. Rac1 a6 17. f4 Qa5 18. c5 Ne8 19. Qd3 b6 20. Na4 bxc5 21. Nxc5 Nxc5 22. Rxc5 Qxa2 23. Qc3 Nd6 24. Ra1 Qe2 25. Re1 Qg4 26. Rxc6 g5 27. Qc5 Rxc6 28. Qxc6 gxf4 29. gxf4 Rc8 30. Qxa6 Rc2 31. Qf1 Nf5 32. Qf3 Qg6 33. Re2 Nh4 34. Qf1 Rxe2 35. Qxe2 Nxg2 36. Qxg2 1/2-1/2